 Dungeon Crawl Stone Soup version 0.24-a0-170-gd8427f5 (webtiles) character file.

Game seed: 12787886991613814459

627 galech the Chopper (level 7, -2/54 HPs)
             Began as a Demonspawn Fighter on Mar 11, 2019.
             Slain by Duvessa
             ... wielding a +0 rapier
              (14 damage)
             ... on level 4 of the Dungeon.
             The game lasted 00:03:48 (3070 turns).

galech the Chopper (Demonspawn Fighter)             Turns: 3070, Time: 00:03:49

Health: -2/54      AC:  7    Str: 22    XL:     7   Next: 23%
Magic:  7/7        EV:  9    Int:  9    God:
Gold:   196        SH: 10    Dex: 14    Spells: 6/6 levels left

rFire    . . .     SeeInvis .   a - +0 war axe
rCold    . . .     Gourm    .   c - +0 shield
rNeg     . . .     Faith    .   b - +0 scale mail
rPois    .         Spirit   .   (no helmet)
rElec    .         Reflect  .   (no cloak)
rCorr    .         Harm     .   (no gloves)
MR       .....                  (no boots)
Stlth    +.........             (no amulet)
HPRegen  0.18/turn              (no ring)
MPRegen  0.10/turn              (no ring)

@: mighty
A: powered by pain 1, spiny 2, sturdy frame 1
a: no special abilities


You were on level 4 of the Dungeon.
You were not hungry.

You visited 1 branch of the dungeon, and saw 4 of its levels.

You collected 196 gold pieces.

Inventory:

Hand Weapons
 a - a +0 war axe (weapon)
Armour
 b - a +0 scale mail (worn)
 c - a +0 shield (worn)
Scrolls
 g - a scroll of teleportation {unknown}
 h - 7 scrolls of fog {unknown}
 k - 6 scrolls of identify {unknown}
 l - a scroll of amnesia {unknown}
 m - 2 scrolls of immolation {unknown}
 n - a scroll of fear {unknown}
 o - a scroll of magic mapping {unknown}
 p - a scroll of random uselessness {unknown}
Potions
 e - a potion of invisibility {unknown}
 i - a potion of lignification {unknown}
 j - 2 potions of curing {unknown}
 r - a potion of heal wounds {unknown}
Comestibles
 f - 10 rations
 q - a chunk of flesh


   Skills:
 + Level 4.0 Fighting
 + Level 4.8 Axes
 + Level 4.0 Armour
 + Level 2.0 Dodging
 + Level 0.1 Stealth
 + Level 4.0 Shields


You had 6 spell levels left.
You didn't know any spells.
Your spell library was empty.

Dungeon Overview and Level Annotations

Branches:
Dungeon (4/15)
 Temple: D:4-7

Altars:
Dithmenos
Gozag
Qazlal
Zin

Annotations:
D:4 Duvessa


Innate Abilities, Weirdness & Mutations

You sometimes gain a little power by taking damage.
You are mostly covered in sharp spines.
Your movements are slightly less encumbered by armour. (ER -2)


Message History

Dowan hits you but does no damage.
Found a club.
You see here a howler monkey corpse.
You slice Dowan!!
You kill Dowan!
Duvessa weeps, then rights herself and shakes her weapon.
Duvessa goes berserk!
Your Dodging skill increases to level 2!
Your Shields skill increases to level 4!
You slash Duvessa! Duvessa hits you with a +0 rapier!
* * * LOW HITPOINT WARNING * * *
You slash Duvessa!
Duvessa is heavily wounded.
Duvessa hits you with a +0 rapier.
* * * LOW HITPOINT WARNING * * *
Duvessa barely misses you.
You hit Duvessa but do no damage.
Duvessa is heavily wounded.
Duvessa is struck by your spines. Duvessa hits you with a +0 rapier!
You die...

)..... ......
......
####......
#.......
#..... #.).#
#e@.# ##
##...# ...
#....+ ....
#....####....
#............
#............
#.###........
#.# #........
#.# #........


You could see Duvessa (berserk).

Vanquished Creatures
  A phantom (D:4)
  A bullfrog (D:3)
  A scorpion (D:4)
  Dowan (D:4)
  2 howler monkeys (D:4)
  An iguana (D:2)
  Natasha (thrice) (D:3)
  A worker ant (D:4)
  6 adders
  An ooze (D:1)
  A worm (D:2)
  A dart slug (D:3)
  A leopard gecko (D:1)
  2 orcs
  8 bats
  5 giant cockroaches
  18 goblins
  10 hobgoblins
  11 jackals
  3 quokkas (D:4)
  2 ball pythons (D:1)
  5 frilled lizards
  12 kobolds
  A quokka skeleton (D:4)
  9 rats
107 creatures vanquished.

Notes
Turn   | Place    | Note
-------+----------+-------------------------------------------
     0 | D:1      | galech the Demonspawn Fighter began the quest for the Orb.
     0 | D:1      | Reached XP level 1. HP: 18/18 MP: 1/1
   138 | D:1      | Gained mutation: You are partially covered in sharp spines.
                  | [demonic ancestry]
   138 | D:1      | Reached XP level 2. HP: 9/24 MP: 2/2
   471 | D:1      | Gained mutation: You are mostly covered in sharp spines.
                  | [demonic ancestry]
   471 | D:1      | Reached XP level 3. HP: 20/29 MP: 3/3
   875 | D:2      | Found a stormy altar of Qazlal.
   876 | D:2      | Noticed a fire elemental
   878 | D:2      | Noticed an earth elemental
   878 | D:2      | Noticed a water elemental
   878 | D:2      | Noticed an air elemental
  1019 | D:2      | Gained mutation: Your movements are slightly less
                  | encumbered by armour. (ER -2) [demonic ancestry]
  1019 | D:2      | Reached XP level 4. HP: 31/35 MP: 4/4
  1179 | D:2      | Found a faded altar of an unknown god.
  1828 | D:3      | Found a shadowy altar of Dithmenos.
  1831 | D:3      | Reached XP level 5. HP: 40/41 MP: 5/5
  1832 | D:3      | Noticed Natasha
  1841 | D:3      | Reached skill level 1 in Dodging
  1993 | D:3      | Killed Natasha
  2176 | D:3      | Gained mutation: You sometimes gain a little power by
                  | taking damage. [demonic ancestry]
  2176 | D:3      | Reached XP level 6. HP: 44/48 MP: 6/6
  2217 | D:3      | Noticed Natasha
  2221 | D:3      | Killed Natasha
  2226 | D:3      | Noticed Natasha
  2233 | D:3      | Killed Natasha
  2337 | D:3      | Found a glowing silver altar of Zin.
  2338 | D:3      | Found an opulent altar of Gozag.
  2659 | D:4      | Reached XP level 7. HP: 26/53 MP: 7/7
  3055 | D:4      | Noticed Dowan
  3056 | D:4      | Noticed Duvessa
  3068 | D:4      | Killed Dowan
  3070 | D:4      | Slain by Duvessa

Levels and vault maps discovered:
D:1:      dpeg_arrival_rooms_c, layout_basic, serial_glass, glass_columns_b,
          glass_columns_b, glass_columns_c, glass_columns_a, glass_columns_b,
          glass_columns_b, glass_columns_b, glass_columns_b
D:2:      minmay_chambers_of_ones, layout_basic,
          chequers_ecumenical_altar_simple_redux,
          nicolae_qazlal_style_of_elements
D:3:      layout_rooms, grunt_dithmenos_smoke,
          grunt_temple_overflow_gold_and_silver, uniq_natasha
D:4:      layout_basic, xom_teletrap_fun, uniq_duvessa

Skill      XL: |  1  2  3  4  5  6  7 |
---------------+----------------------+-----
Armour         | 3 4 |  4.0
Shields        | 3 4 |  4.0
Axes           | 2 3 4 |  4.8
Dodging        | 1 2 |  2.0
Fighting       | 4 |  4.0
Stealth        | |  0.1

Action                   |  1- 3 |  4- 6 |  7- 9 || total
-------------------------+-------+-------+-------++-------
Melee: War axe           |    96 |   118 |    19 ||   233
  Use: Potion            |       |       |     1 ||     1
  Eat: Chunk             |     1 |     4 |     2 ||     7
Armor: Scale mail        |    48 |    37 |     5 ||    90
Dodge: Dodged            |    27 |    34 |     6 ||    67
Block: Shield            |    69 |    55 |    15 ||   139

Table legend:
 A = Non-vault XP
 B = Vault XP
 C = Vault XP percentage of total XP
 D = Non-vault monster count
 E = Vault monster count
 F = Vault count percentage of total count
                 A         B        C        D         E       F
            +---------+---------+-------+---------+---------+-------
      Total |     780 |     116 |  12.9 |     100 |       7 |   6.5
            +---------+---------+-------+---------+---------+-------
        D:1 |      55 |       0 |   0.0 |      30 |       0 |   0.0
        D:2 |     105 |       9 |   7.9 |      31 |       5 |  13.9
        D:3 |     260 |      35 |  11.9 |      27 |       1 |   3.6
        D:4 |     360 |      72 |  16.7 |      12 |       1 |   7.7
            +---------+---------+-------+---------+---------+-------
